Map: Dusk Towers

Players

CatZ

  • Race: Zerg Zerg
  • League: Grandmaster

Chris (MCanning) - Winner!

  • Race: Protoss Protoss
  • League: Grandmaster

VOD

https://www.youtube.com/watch?v=0rkkqfWx-1U

Description

This was a game of me versus catz, This is a build I do quite often versus zerg, Fast [greedy] third base into lots of blink stalker disruptor, the guide doesn't show the end of the game because engagements are engagements, its getting there that is important! The entire game is in the replay, but I would recommend watching my guide to see how to think and react versus what you see against zerg!

This works best vs quick 3 hatch style

General BO [roughly]
14 pylon
17 nexus
17 gateway
19 double assimiilator
20/21 second pylon
start mining gas
22 cybo core
probes probes probes!
Situational/optional 25-zealot [really you could cut this for adept when cybo core finishes if you aren't scared of early pressure, otherwise not necessary
32 MSC
32 wg
35 stalker [to kill overlords scouting]
40~ third nexus [should have about 8-10 workers on natural NO gasses when you take this third
timing of third 3:15~~
double/TRIPLE pylon your third to keep it safe with your msc, when pylons finish you are relatively safe
42 sentry
don't forget constant probes, should never not be making probes!
Situational: more gates before robo if aggresion coming, otherwise robo after 1gate is fine, in this game my build continues like this
46 robo facility
46 2nd sentry
48 add 4 gateways [cut probe production for a moment]
52 forge
56 add third and forth assimilators at your natural
57 obs [ i like to get two observers, one outside their base one outside yours]
57 attack upgrade lvl 1
61 robo facility
[really should add twilight around this time, I forgot it, so twilight+robo facility is good here
don't forget to not get supply blocked!
70 add two more gateways
HALLUCINATED PHX SCOUT, important! its okay to go up to 2-5 sentries in pvz still IMO as long as you are always scouting
eventually at about 90 supply i take 5th and 6th gases, at 6:15!

Here on out the build is basically stalkers, maybe more adepts if they have lings, and disruptors with potential for triple stargate if you scout spire and later add a 2nd robo for immortals against ultras, this build is strong and can bring you some good success!

Time

  • Played on: Nov. 20, 2015, 1:14 a.m.
  • Length: 20:59
Show
View Real Time Build Order
Export as new Build Order

CatZ Zerg 

Build Orders: 3 Hatch before Pool 

Get SALT Encoding   

  12  0:02  Drone  
  13  0:08  Drone  
  14  0:17  Overlord  
  14  0:26  Extractor  
  14  0:27  Drone, Extractor  
  13  0:29  Drone  
  16  0:36  Drone  
  17  0:46  Drone  
  18  0:57  Hatchery  
  18  1:00  Drone  
  18  1:19  Hatchery  
  18  1:23  Drone  
  18  1:25  Drone  
  19  1:39  Spawning Pool  
  18  1:40  Drone  
  18  1:44  Drone  
  20  1:53  Overlord, Extractor  
  19  2:04  Drone  
  20  2:11  Drone x2  
  22  2:20  Drone  
  23  2:23  Drone  
  23  2:25  Queen  
  23  2:27  Queen  
  28  2:31  Zergling x2  
  29  2:39  Drone x2  
  31  2:45  Queen  
  31  2:46  Drone  
  31  2:49  Drone  
  35  2:54  Drone x2  
  35  2:56  Drone  
  38  3:01  Metabolic Boost  
  38  3:05  Drone  
  39  3:07  Drone x2  
  39  3:09  Drone  
  42  3:16  Overlord  
  41  3:28  Overlord  
  41  3:32  Drone  
  42  3:39  Hatchery, Overlord  
  41  3:42  Drone  
  41  3:45  Queen  
  41  3:46  Overlord  
  41  3:47  Drone x2  
  46  3:49  Drone  
  46  3:50  Drone  
  46  3:52  Drone  
  46  3:54  Zergling x2  
  50  3:59  Lair  
  50  4:01  Drone  
  51  4:03  Drone, Extractor  
  51  4:05  Drone x2  
  51  4:09  Drone x2  
  55  4:10  Drone  
  55  4:13  Drone x2  
  55  4:15  Drone  
  59  4:18  Drone x2  
  59  4:19  Drone  
  59  4:20  Drone  
  63  4:24  Overlord  
  63  4:27  Drone x2  
  65  4:32  Roach Warren  
  65  4:34  Drone  
  65  4:35  Evolution Chamber  
  63  4:43  Drone x4  
  67  4:47  Overlord  
  67  4:50  Drone  
  67  4:51  Drone x2, Overlord  
  70  4:54  Overlord  
  70  4:55  Drone x3  
  70  4:56  Drone x2  
  70  4:57  Queen  
  77  5:03  Zerg Missile Weapons Level 1  
  77  5:04  Hydralisk Den  
  76  5:07  Overlord  
  76  5:11  Drone x4  
  76  5:12  Drone  
  76  5:14  Overlord  
  81  5:17  Extractor  
  81  5:18  Drone x2, Extractor  
  81  5:21  Zergling x4  
  81  5:22  Zergling x2  
  81  5:24  Overlord  
  81  5:26  Drone  
  81  5:27  Drone x2  
  88  5:28  Drone x3  
  88  5:29  Extractor x2  
  88  5:32  Zergling x4  
  88  5:33  Muscular Augments  
  88  5:34  Hydralisk x2  
  94  5:38  Hydralisk  
  94  5:41  Overlord  
  96  5:44  Hydralisk  
  96  5:49  Overlord  
  98  5:51  Drone x4  
  98  5:52  Drone  
  98  5:57  Zergling x10  
  104  5:58  Zergling x4  
  104  6:00  Extractor  
  104  6:01  Drone x2  
  104  6:02  Extractor  
  110  6:05  Spire  
  110  6:08  Glial Reconstitution  
  109  6:16  Hydralisk  
  109  6:17  Hydralisk  
  113  6:20  Hydralisk  
  113  6:21  Hydralisk  
  113  6:23  Drone x2  
  113  6:24  Drone x2, Zergling x4  
  123  6:29  Overlord  
  123  6:30  Spore Crawler  
  122  6:45  Spore Crawler  
  121  6:48  Spore Crawler, Drone x2  
  121  6:49  Spine Crawler  
  121  6:50  Roach x5  
  121  6:51  Roach x6  
  143  6:57  Overlord x2  
  143  7:00  Spore Crawler  
  142  7:01  Overlord  
  142  7:09  Zerg Missile Weapons Level 2  
  142  7:13  Pneumatized Carapace, Infestation Pit  
  142  7:15  Overseer  
  141  7:21  Drone x3  
  144  7:26  Overlord  
  144  7:27  Hatchery, Spore Crawler, Drone x2  
  144  7:35  Overlord  
  140  7:37  Overlord  
  140  7:38  Overseer  
  140  7:41  Drone x2, Overlord  
  140  7:48  Roach x4  
  140  7:49  Roach x5  
  158  7:53  Spore Crawler  
  158  7:54  Zergling x10  
  158  7:55  Zergling x4  
  158  7:56  Zergling x6  
  166  8:00  Hive  
  166  8:08  Drone x3, Overlord  
  166  8:12  Spine Crawler  
  168  8:13  Spine Crawler  
  168  8:17  Zerg Flyer Weapons Level 1  
  161  8:30  Roach  
  161  8:31  Roach x12  
  187  8:34  Ravager x2  
  187  8:35  Ravager x5  
  187  8:36  Roach  
  187  8:38  Extractor  
  187  8:39  Overlord, Roach x2  
  199  8:41  Extractor  
  199  8:43  Ravager, Spine Crawler  
  199  8:44  Spore Crawler, Ravager  
  199  8:48  Overlord  
  198  8:50  Drone  
  199  8:58  Overlord  
  199  9:04  Overlord  
  165  9:23  Zergling x6  
  165  9:29  Zergling x18  
  165  9:30  Zergling x32  
  163  9:34  Roach  
  163  9:37  Zergling x2  
  144  9:40  Pathogen Glands, Queen x2  
  144  9:45  Roach x7  
  144  9:46  Hydralisk x4  
  144  9:49  Drone  
  147  9:53  Drone x2  
  147  9:59  Drone x2  
  151  10:00  Drone x2, Overlord  
  153  10:11  Greater Spire  
  153  10:13  Roach x3  
  153  10:14  Roach x5  
  165  10:16  Drone  
  165  10:19  Queen  
  172  10:21  Drone x2, Overseer  
  172  10:22  Spine Crawler  
  172  10:24  Zerg Ground Armor Level 1  
  173  10:28  Infestor x2  
  173  10:29  Infestor x2  
  173  10:31  Viper  
  173  10:32  Viper  
  173  10:35  Infestor x2  
  191  10:36  Viper  
  191  10:39  Corruptor x2  
  191  10:40  Corruptor  
  200  10:58  Overlord  
  200  11:05  Spine Crawler x2  
  200  11:06  Spine Crawler  
  200  11:09  Spine Crawler  
  200  11:10  Spine Crawler  
  199  11:38  Corruptor x5  
  199  11:59  Evolution Chamber  
  200  12:15  Roach  
  200  12:18  Zerg Missile Weapons Level 3  
  166  12:30  Roach x18  
  166  12:31  Corruptor x2, Roach x2  
  166  12:32  Corruptor x2  
  166  12:36  Roach x2  
  166  12:37  Roach x5  
  183  12:38  Spine Crawler x2  
  183  12:39  Roach  
  183  12:40  Roach x3  
  183  12:42  Corruptor x2  
  184  12:49  Corruptor  
  172  13:01  Ravager x5  
  177  13:11  Overlord, Hydralisk x3  
  177  13:12  Hydralisk x8  
  198  13:21  Spire, Hydralisk Den, Roach x2  
  198  13:22  Roach  
  191  13:36  Roach x5  
  187  13:48  Roach  
  187  13:49  Roach x6  
  187  13:52  Roach  
  192  13:59  Roach  
  192  14:01  Roach x6  
  192  14:02  Roach x2  
  165  14:08  Roach x2  
  158  14:13  Hydralisk x3  
  164  14:19  Roach x2  
  164  14:21  Zerg Ground Armor Level 2  
  168  14:24  Roach x2  
  168  14:25  Roach  
  168  14:28  Viper x2  
  180  14:33  Greater Spire  
  180  14:34  Corruptor x2  
  180  14:35  Corruptor  
  186  14:41  Corruptor  
  188  14:52  Ravager x2  
  191  14:53  Ravager  
  191  14:54  Spore Crawler  
  190  15:00  Infestor x2  
  194  15:15  Corruptor x3  
  160  15:30  Zergling x30  
  171  15:46  Brood Lord x5  
  167  15:53  Roach x2  
  167  15:54  Roach  
  139  16:06  Roach x3  
  139  16:07  Roach x3  
  145  16:15  Brood Lord  
  147  16:18  Roach x2  
  147  16:27  Brood Lord  
  147  16:31  Brood Lord  
  147  16:32  Brood Lord  
  153  16:38  Brood Lord  
  155  16:53  Brood Lord x2  
  159  16:54  Brood Lord  
  129  17:26  Infestor  
  129  17:27  Viper, Infestor x3  
  129  17:28  Viper  
  141  17:30  Hydralisk x4  
  143  18:06  Overlord  
  117  18:24  Overseer  
  117  18:26  Hydralisk x3  
  117  18:27  Hydralisk x6  
  111  19:08  Hydralisk x3  
Show
View Real Time Build Order
Export as new Build Order

Chris Protoss - Winner!

Build Orders: Nexus First 

Get SALT Encoding   

  12  0:02  Probe (Chrono Boost)  
  13  0:13  Probe (Chrono Boost)  
  14  0:22  Pylon  
  14  0:23  Probe (Chrono Boost)  
  15  0:40  Probe (Chrono Boost)  
  16  0:50  Probe (Chrono Boost)  
  17  0:59  Nexus  
  17  1:09  Gateway  
  17  1:12  Probe (Chrono Boost)  
  18  1:21  Assimilator  
  18  1:22  Probe (Chrono Boost)  
  19  1:28  Assimilator  
  19  1:33  Probe (Chrono Boost)  
  19  1:39  Pylon  
  20  1:43  Probe (Chrono Boost)  
  22  1:54  Probe (Chrono Boost)  
  22  1:57  Cybernetics Core  
  22  2:05  Probe (Chrono Boost)  
  23  2:14  Probe (Chrono Boost)  
  23  2:15  Probe (Chrono Boost)  
  25  2:20  Zealot  
  27  2:24  Probe (Chrono Boost)  
  27  2:26  Probe (Chrono Boost)  
  29  2:35  Probe (Chrono Boost)  
  29  2:37  Mothership Core (Chrono Boost)  
  32  2:42  Warp Gate  
  32  2:45  Probe (Chrono Boost)  
  32  2:47  Stalker (Chrono Boost)  
  35  2:55  Probe (Chrono Boost)  
  35  2:56  Probe (Chrono Boost)  
  37  3:05  Probe x2 (Chrono Boost)  
  39  3:15  Probe  
  39  3:16  Nexus  
  39  3:17  Probe  
  41  3:22  Pylon  
  41  3:24  Sentry (Chrono Boost)  
  43  3:29  Pylon  
  43  3:34  Probe  
  43  3:35  Probe  
  45  3:46  Robotics Facility  
  45  3:47  Sentry (Chrono Boost)  
  47  3:51  Gateway  
  47  3:52  Gateway  
  47  3:53  Probe (Chrono Boost)  
  48  4:05  Gateway  
  48  4:07  Forge  
  48  4:10  Probe (Chrono Boost)  
  48  4:11  Sentry, Probe (Chrono Boost)  
  52  4:18  Pylon  
  52  4:20  Probe (Chrono Boost)  
  52  4:21  Probe (Chrono Boost)  
  54  4:28  Pylon  
  54  4:30  Assimilator  
  54  4:31  Probe x2 (Chrono Boost)  
  55  4:34  Probe (Chrono Boost), Assimilator  
  55  4:36  Observer (Chrono Boost)  
  58  4:42  Probe  
  58  4:43  Probe  
  58  4:44  Pylon  
  60  4:46  Protoss Ground Weapons Level 1 (Chrono Boost)  
  60  4:53  Pylon  
  60  4:55  Probe x2  
  60  4:56  Probe, Robotics Bay  
  63  5:05  Probe  
  63  5:07  Probe  
  63  5:08  Probe  
  63  5:11  Observer  
  67  5:16  Probe, Pylon  
  68  5:21  Gateway  
  68  5:24  Gateway  
  68  5:28  Probe (Chrono Boost), Twilight Council  
  68  5:29  Probe (Chrono Boost)  
  68  5:30  Zealot  
  72  5:35  Probe (Chrono Boost)  
  72  5:39  Probe (Chrono Boost)  
  72  5:40  Probe (Chrono Boost)  
  72  5:41  Warp Prism (Chrono Boost)  
  77  5:46  Probe  
  77  5:49  Sentry, Probe  
  80  5:51  Stalker x2  
  85  5:57  Probe  
  85  5:59  Pylon  
  86  6:07  Dark Shrine  
  86  6:09  Pylon, Assimilator  
  86  6:12  Zealot x2  
  86  6:13  Assimilator  
  86  6:14  Zealot  
  86  6:15  Disruptor (Chrono Boost)  
  86  6:17  Protoss Ground Weapons Level 2 (Chrono Boost)  
  95  6:22  Gateway  
  95  6:24  Gateway  
  95  6:27  Adept  
  95  6:28  Adept  
  95  6:31  Pylon  
  99  6:38  Probe  
  100  6:47  Gateway  
  100  6:48  Gateway  
  100  6:50  Disruptor (Chrono Boost)  
  100  6:51  Pylon  
  100  6:52  Zealot  
  105  7:00  Probe  
  106  7:05  Stalker x5  
  116  7:13  Probe  
  117  7:17  Probe  
  117  7:21  Disruptor (Chrono Boost)  
  121  7:26  Probe  
  121  7:29  Zealot  
  124  7:30  Dark Templar x3, Zealot  
  124  7:35  Probe  
  123  7:40  Probe  
  123  7:43  Stalker x3  
  126  7:48  Probe  
  121  7:56  Nexus  
  121  7:57  Probe  
  121  7:58  Pylon  
  122  8:00  Pylon  
  122  8:03  Robotics Facility  
  122  8:07  Disruptor (Chrono Boost)  
  122  8:10  Stalker x4  
  132  8:18  Pylon  
  132  8:28  Stalker x4  
  132  8:33  Blink (Chrono Boost)  
  132  8:34  Disruptor (Chrono Boost)  
  140  8:37  Photon Cannon  
  140  8:39  Photon Cannon  
  143  8:45  Assimilator  
  143  8:48  Protoss Ground Weapons Level 3  
  143  8:51  Assimilator  
  143  8:52  Probe  
  143  8:54  Probe  
  143  8:55  Probe  
  145  8:58  Dark Templar  
  148  9:03  Disruptor (Chrono Boost)  
  148  9:07  Stalker  
  153  9:13  Probe  
  153  9:16  Stalker x3  
  151  9:19  Probe  
  151  9:22  Probe  
  147  9:26  Probe  
  131  9:32  Stalker x4  
  131  9:35  Stalker  
  131  9:36  Stalker x2  
  120  9:43  Probe  
  120  9:45  Disruptor (Chrono Boost)  
  113  9:46  Probe  
  113  9:50  Probe  
  116  9:57  Probe  
  117  10:02  Probe, Disruptor (Chrono Boost)  
  121  10:07  Probe  
  122  10:17  Disruptor (Chrono Boost)  
  125  10:23  Probe  
  125  10:26  Photon Cannon x2  
  125  10:27  Probe  
  125  10:30  Probe, Photon Cannon  
  125  10:32  Pylon  
  125  10:33  Warp Prism (Chrono Boost)  
  125  10:34  Charge (Chrono Boost)  
  128  10:39  Probe  
  128  10:41  Dark Templar  
  128  10:42  Dark Templar x3  
  136  10:45  Archon  
  136  10:46  Archon  
  136  10:51  Immortal (Chrono Boost), Pylon  
  140  11:01  Dark Templar  
  142  11:04  Immortal (Chrono Boost)  
  142  11:10  Stalker, Nexus  
  142  11:11  Stalker x4, Pylon  
  154  11:13  Probe (Chrono Boost)  
  154  11:14  Pylon  
  154  11:16  Probe (Chrono Boost)  
  158  11:19  Mothership Core (Chrono Boost)  
  158  11:23  Pylon  
  160  11:25  Protoss Ground Armor Level 1  
  160  11:27  Dark Templar  
  160  11:30  Immortal (Chrono Boost)  
  167  11:40  Dark Templar x2, Zealot  
  167  11:41  Probe (Chrono Boost), Zealot  
  175  11:47  Dark Templar  
  175  11:48  Dark Templar, Probe (Chrono Boost)  
  182  11:55  Zealot x2  
  182  11:56  Immortal (Chrono Boost), Zealot, Archon  
  188  12:03  Stalker x3  
  188  12:05  Probe  
  195  12:10  Photon Cannon  
  195  12:11  Probe  
  195  12:12  Photon Cannon  
  195  12:14  Photon Cannon  
  199  12:16  Stargate  
  199  12:17  Assimilator  
  199  12:18  Disruptor (Chrono Boost)  
  199  12:22  Assimilator  
  178  12:30  Stalker x2  
  178  12:31  Stalker x5  
  181  12:38  Zealot x3  
  181  12:42  Probe  
  182  12:48  Probe  
  177  12:58  Observer (Chrono Boost)  
  170  12:59  Dark Templar  
  170  13:00  Dark Templar x3  
  170  13:02  Observer (Chrono Boost)  
  170  13:04  Archon  
  170  13:05  Archon  
  177  13:13  Stalker  
  177  13:14  Stalker x4  
  177  13:15  Nexus  
  188  13:20  Observer (Chrono Boost)  
  188  13:21  Pylon  
  188  13:22  Stalker  
  188  13:32  Probe  
  185  13:36  Probe  
  182  13:41  Probe  
  182  13:44  Stalker, Probe  
  182  13:45  Stalker x5  
  184  13:52  Probe  
  184  13:53  Disruptor (Chrono Boost)  
  161  14:05  Probe  
  161  14:06  Stalker x4  
  171  14:21  Dark Templar x3  
  177  14:25  Disruptor (Chrono Boost)  
  177  14:28  Dark Templar, Archon  
  177  14:29  Disruptor (Chrono Boost), Zealot x2  
  186  14:34  Archon  
  186  14:38  Zealot x4  
  192  14:44  Assimilator  
  194  14:53  Dark Templar  
  194  14:56  Disruptor (Chrono Boost)  
  199  15:04  Probe, Observer (Chrono Boost)  
  199  15:11  Templar Archives  
  199  15:16  Nexus  
  199  15:18  Photon Cannon  
  199  15:19  Pylon  
  199  15:20  Photon Cannon  
  197  15:21  Pylon  
  197  15:22  Pylon  
  184  15:29  Probe  
  184  15:32  Stalker x3  
  184  15:33  Stalker x2  
  184  15:34  Probe  
  184  15:35  Warp Prism (Chrono Boost)  
  198  15:36  Protoss Ground Armor Level 2  
  196  15:45  Probe x2  
  196  15:46  Probe  
  184  15:59  Stalker x3  
  184  16:00  Stalker x4  
  184  16:03  Probe  
  184  16:04  Disruptor (Chrono Boost)  
  184  16:05  Probe x2  
  186  16:15  Stargate  
  176  16:23  Disruptor (Chrono Boost)  
  175  16:25  Fleet Beacon  
  175  16:30  Stalker  
  175  16:31  Stalker x6  
  189  16:36  Dark Templar x2  
  193  16:40  Dark Templar  
  195  16:50  Disruptor (Chrono Boost)  
  198  16:58  Probe  
  198  16:59  Probe  
  196  17:01  Probe  
  193  17:12  Probe x2  
  182  17:15  Probe  
  182  17:18  Zealot  
  182  17:19  Zealot x5  
  182  17:20  Disruptor (Chrono Boost), Zealot x3  
  182  17:21  Probe  
  197  17:26  Disruptor (Chrono Boost)  
  199  17:33  Probe  
  198  17:45  Assimilator  
  198  17:50  Stargate  
  186  17:52  Zealot, Stargate  
  186  17:53  Zealot x5  
  186  17:54  Zealot  
  192  18:05  Zealot  
  192  18:06  Zealot x2  
  192  18:12  Photon Cannon  
  190  18:15  Assimilator  
  190  18:18  Zealot  
  190  18:19  Zealot x3  
  194  18:26  Zealot x4  
  200  18:30  Probe  
  195  18:35  Protoss Air Weapons Level 1 (Chrono Boost)  
  189  18:44  Zealot x5  
  189  18:46  Nexus  
  189  18:47  Probe, Pylon  
  190  18:49  Pylon  
  190  18:54  Carrier x2 (Chrono Boost)  
  178  19:04  Probe  
  178  19:06  Zealot  
  178  19:07  Zealot x2  
  178  19:08  Zealot x2  
  179  19:12  Void Ray x2 (Chrono Boost)  
  184  19:23  High Templar x3  
  181  19:33  Zealot x2  
  181  19:34  Zealot x2  
  176  19:51  Void Ray (Chrono Boost)  
  176  19:54  Probe  
  174  20:02  Zealot x2  
  174  20:03  Zealot  
  172  20:07  Zealot x2  
  172  20:11  Pylon  
  177  20:23  Assimilator  
  182  20:33  Assimilator  
  182  20:35  Zealot x7  
Tags
 
Add a new tag
Caveats
  • Supply blocks, unpowered buildings, or Contaminate may cause inaccurate times.
  • Supply counts are checked every 10 seconds.